 Dungeon Crawl Stone Soup version 0.29-a0-732-g3d7fbe0af2 (webtiles) character file.

Game seed: 5976324808529797020

3552 dolemite99 the Skirmisher (level 10, -1/67 HPs)
             Began as a Formicid Hunter on June 30, 2022.
             Was a Priest of Lugonu.
             Slain by a wyvern (5 damage)
             ... on level 9 of the Dungeon.
             The game lasted 00:11:47 (12333 turns).

dolemite99 the Skirmisher (Formicid Hunter)        Turns: 12333, Time: 00:11:47

Health: -1/67      AC: 10    Str: 16    XL:     10   Next: 30%
Magic:  16/16      EV: 11    Int:  9    God:    Lugonu [***...]
Gold:   375        SH:  0    Dex: 21    Spells: 9/9 levels left

rFire   + + .      SeeInvis +   a - +1 shortbow
rCold   . . .      Faith    .   (no shield)
rNeg    . . .      Spirit   .   H - +2 ring mail {rF+}
rPois   .          Reflect  .   (helmet unavailable)
rElec   .          Harm     .   (no cloak)
rCorr   .          Rampage  .   u - +0 pair of gloves
Will    ++...                   t - +1 pair of boots
Stlth   +.........              i - amulet of the acrobat
HPRegen 0.21/turn               d - ring of willpower
MPRegen 0.15/turn               k - ring of protection from fire

@: no status effects
A: permanent stasis, dig shafts and tunnels, antennae 3, four strong arms
a: Dig, Shaft Self, Renounce Religion, Depart the Abyss, Bend Space, Banish


You were on level 9 of the Dungeon.
You worshipped Lugonu.
Lugonu was most pleased with you.
You visited 1 branch of the dungeon, and saw 9 of its levels.

You collected 375 gold pieces.

Inventory:

Hand Weapons
 a - a +1 shortbow (weapon)
 b - a +2 spear of venom
 B - a +0 broad axe
 G - a +0 antimagic quarterstaff
Missiles
 e - 17 poisoned darts
 g - a curare-tipped dart
 q - 2 throwing nets
Armour
 c - a +0 leather armour
 h - a +0 ring mail
 t - a +1 pair of boots (worn)
 u - a +0 pair of gloves (worn)
 H - a +2 ring mail of fire resistance (worn)
Magical Staves
 y - a staff of death
Jewellery
 d - a ring of willpower (left hand)
 i - an amulet of the acrobat (around neck)
 k - a ring of protection from fire (right hand)
 n - an amulet of reflection
 o - an amulet of reflection
 F - an amulet of magic regeneration
Wands
 s - a wand of paralysis (7)
 w - a wand of quicksilver (11)
 A - a wand of digging (5)
 D - a wand of iceblast (10)
Scrolls
 j - a scroll of poison
 r - 2 scrolls of immolation
Potions
 f - 2 potions of cancellation
 l - a potion of mutation
 m - a potion of berserk rage
 p - 3 potions of might
 v - 2 potions of flight
 x - a potion of heal wounds
 z - a potion of haste {unknown}
 C - a potion of lignification {unknown}
 E - 2 potions of resistance {unknown}


   Skills:
 - Level 2.1 Fighting
 - Level 6.3 Polearms
 + Level 11.2 Ranged Weapons
 - Level 1.7 Dodging
 - Level 1.2 Stealth
 - Level 8.4 Invocations


You had 9 spell levels left.
You didn't know any spells.
Your spell library contained the following spells:

 Spells                   Type           Power      Damage    Failure   Level
 Beastly Appendage        Tmut           0%         N/A       61%         1
 Sandblast                Erth           0%         2d4       61%         1
 Slow                     Hex            0%         N/A       61%         1
 Passwall                 Tmut/Erth      0%         N/A       75%         2
 Wereblood                Tmut           0%         N/A       75%         2
 Confusing Touch          Hex            0%         N/A       93%         3
 Spider Form              Tmut/Pois      0%         N/A       93%         3
 Stone Arrow              Conj/Erth      0%         3d7       93%         3
 Vampiric Draining        Necr           0%         2d6       93%         3
 Dispersal                Tloc           0%         N/A       100%        6
 Disjunction              Tloc           0%         N/A       100%        8


Dungeon Overview and Level Annotations

Branches:
Dungeon (8/15)             Temple (0/1) D:7            Lair (0/6) D:8

Altars:
Ashenzari
Dithmenos
Gozag
Qazlal
Trog
Lugonu

Shops:
D:1 *

Annotations:
D:4 2 runed translucent doors, ReploidZero's ghost, amateur OgFE


Innate Abilities, Weirdness & Mutations

You cannot be hasted, slowed, berserked, paralysed or teleported.
You can dig through walls and to a lower floor.
You have a pair of large antennae on your head. (SInv)
Your four strong arms can wield two-handed weapons with a shield.


Message History

You are too injured to fight recklessly!
You are too injured to fight recklessly!
Fire: a) +1 shortbow
Press: ? - help, Q - select action, (/) - cycle Shift-Dir - straight line, f/p - wyvern
Aim: a wyvern (heavily wounded)
You shoot an arrow. The arrow hits the wyvern.
The wyvern is severely wounded.
The wyvern bites you but does no damage.
Fire: a) +1 shortbow
Press: ? - help, Q - select action, (/) - cycle Shift-Dir - straight line, f/p - wyvern
Aim: a wyvern (severely wounded)
You shoot an arrow. The arrow barely misses the wyvern.
The wyvern bites you! The wyvern closely misses you.
Fire: a) +1 shortbow
Press: ? - help, Q - select action, (/) - cycle Shift-Dir - straight line, f/p - wyvern
Aim: a wyvern (severely wounded)
You shoot an arrow. The arrow hits the wyvern.
The wyvern is severely wounded.
The wyvern barely misses you.
Fire: a) +1 shortbow
Press: ? - help, Q - select action, (/) - cycle Shift-Dir - straight line, f/p - wyvern
Aim: a wyvern (severely wounded)
You shoot an arrow. The arrow barely misses the wyvern.
The wyvern bites you but does no damage.
The wyvern bites you!
* * * LOW HITPOINT WARNING * * *
Fire: a) +1 shortbow
Press: ? - help, Q - select action, (/) - cycle Shift-Dir - straight line, f/p - wyvern
Aim: a wyvern (severely wounded)
You shoot an arrow. The arrow hits the wyvern.
The wyvern is almost dead.
The wyvern bites you!
* * * LOW HITPOINT WARNING * * *
Fire: a) +1 shortbow
Press: ? - help, Q - select action, (/) - cycle Shift-Dir - straight line, f/p - wyvern
Aim: a wyvern (almost dead)
You shoot an arrow. The arrow closely misses the wyvern.
The wyvern hisses menacingly.
The wyvern bites you.
You die...

...............
.................#
#####............#####
#.................
#.................
#.#####......... #.#
#....... ##.#
+.###l### #..#
#.#.@...# #..#
#.#.....# #..#
#.#.....#
#..#####.'.....#
#........#.....#
#......###.....#
#...รท..# ....###
#......#.....#
#......#######.


You could see a wyvern.

Vanquished Creatures
  A troll (D:9)
  Prince Ribbit (D:7)
  A steam dragon (D:7)
  3 water moccasins
  3 ice beasts
  4 black bears
  3 ogres
  3 centaurs
  A phantom (D:5)
  A kobold brigand (D:5)
  3 bullfrogs
  2 necrophages
  4 scorpions
  3 howler monkeys
  A jelly (D:7)
  6 orc priests
  A gnoll shaman (D:5)
  2 hounds
  2 iguanas
  5 orc wizards
  2 adders (D:5)
  6 gnolls
  A white imp (D:7)
  3 ufetubi
  2 worms
  A dart slug (D:1)
  14 orcs
  13 ball pythons
  6 bats
  6 endoplasms
  3 giant cockroaches
  7 goblins
  11 hobgoblins
  7 jackals
  4 quokkas
  5 frilled lizards
  10 kobolds
  9 rats
160 creatures vanquished.

Vanquished Creatures (others)
  12 fungi (D:8)
  22 plants (D:8)
34 creatures vanquished.

Grand Total: 194 creatures vanquished

Notes
Turn   | Place    | Note
-------+----------+-------------------------------------------
     0 | D:1      | dolemite99 the Formicid Hunter began the quest for the Orb.
     0 | D:1      | Reached XP level 1. HP: 16/16 MP: 1/1
   208 | D:1      | Reached XP level 2. HP: 22/22 MP: 2/2
   215 | D:1      | Reached XP level 3. HP: 27/27 MP: 3/3
   286 | D:1      | Reached skill level 5 in Ranged Weapons
   668 | D:1      | Found Kumats's General Store.
   751 | D:1      | Found a faded altar of an unknown god.
   756 | D:1      | Reached XP level 4. HP: 33/33 MP: 4/4
   776 | D:1      | Prayed at the altar of an unknown god.
   776 | D:1      | Became a worshipper of Lugonu the Unformed
   776 | D:1      | Reached * piety under Lugonu
   776 | D:1      | Reached ** piety under Lugonu
  1024 | D:2      | You fall into a shaft and drop 1 floor!
  1197 | D:3      | Found a stormy altar of Qazlal.
  1197 | D:3      | Noticed a water elemental
  1198 | D:3      | Noticed an air elemental
  1198 | D:3      | Noticed a fire elemental
  1198 | D:3      | Noticed an earth elemental
  1533 | D:3      | Found a shadowy altar of Dithmenos.
  2017 | D:4      | Found a runed translucent door.
  2028 | D:4      | Reached *** piety under Lugonu
  2580 | D:4      | Reached XP level 5. HP: 33/33 MP: 5/5
  2585 | D:4      | Reached skill level 6 in Ranged Weapons
  2976 | D:4      | Found a runed translucent door.
  2982 | D:4      | Noticed ReploidZero's ghost (amateur OgFE)
  3043 | D:4      | Noticed a black bear
  3044 | D:4      | Found a bloodstained altar of Trog.
  3044 | D:4      | Noticed a black bear
  3057 | D:4      | Killed a black bear
  3058 | D:4      | Reached skill level 7 in Ranged Weapons
  3058 | D:4      | Reached XP level 6. HP: 25/44 MP: 6/6
  3063 | D:4      | Killed a black bear
  3448 | D:4      | Reached skill level 8 in Ranged Weapons
  3448 | D:4      | Reached XP level 7. HP: 29/50 MP: 7/7
  3797 | D:4      | Found an opulent altar of Gozag.
  4598 | D:5      | Entered Level 5 of the Dungeon
  4915 | D:5      | Reached skill level 9 in Ranged Weapons
  5164 | D:5      | Reached XP level 8. HP: 46/56 MP: 8/8
  5492 | D:5      | Reached skill level 10 in Ranged Weapons
  6254 | D:5      | Reached skill level 1 in Polearms
  6498 | D:6      | Reached XP level 9. HP: 48/61 MP: 9/9
  7223 | D:6      | Found a broken altar of Ashenzari.
  7557 | D:6      | Reached skill level 5 in Polearms
  8069 | D:6      | HP: 2/61 [orc wizard/puff of flame (3)]
  9311 | D:7      | Reached skill level 1 in Invocations
  9691 | D:7      | Found a staircase to the Ecumenical Temple.
  9914 | D:7      | Noticed Prince Ribbit
  9927 | D:7      | Killed Prince Ribbit
  9928 | D:7      | Reached skill level 5 in Invocations
  9938 | D:7      | Reached XP level 10. HP: 31/67 MP: 14/14
 10360 | D:7      | Reached **** piety under Lugonu
 10367 | D:7      | HP: 2/67 [ice beast (12)]
 11640 | D:8      | You fall into a shaft and drop 1 floor!
 12091 | D:9      | Reached skill level 11 in Ranged Weapons
 12333 | D:9      | Slain by a wyvern

Illustrated notes

Levels and vault maps discovered:
D:1:      saegor_arrival_simple_b, layout_basic,
          shapermc_ecumenical_altar_mp_highgroup, serial_shops, shop,
          chequers_serial_rivers_room_a
D:2:      cheibrodos_helix_gallery, layout_loops_ring
D:3:      minmay_angry_zag, layout_basic, nicolae_qazlal_style_of_elements,
          nicolae_dithmenos_shadow_blocks, serial_glass, glass_columns_b,
          glass_columns_a, glass_columns_c, glass_columns_a, glass_columns_a,
          glass_columns_c, glass_columns_a, glass_columns_a, glass_columns_a,
          glass_columns_a
D:4:      layout_loops_ring, trog_ov_bears_minmay, kennysheep_little_box,
          ebering_ghost_sewer_f, minmay_quantized
D:5:      layout_loops_ring
D:6:      layout_basic, mainiacjoe_overflow_small_starburst
D:7:      layout_cave_pods, minmay_temple_entry_stoned_glass,
          uniq_prince_ribbit1
D:8:      layout_layer_cave, chei_slow_surprise, grunt_lair_entry_orc_guard_hut,
          serial_shops, nicolae_lakefront_shop
D:9:      layout_irregular_city

Skill      XL: |  1  2  3  4  5  6  7  8  9 10 |
---------------+-------------------------------+-----
Ranged Weapons | 5 7 8 9 10 11 | 11.2
Polearms       | 2 6 |  6.3
Invocations    | 6 8 |  8.4
Fighting       | |  2.1
Dodging        | |  1.7
Stealth        | |  1.2

Action                   |  1- 3 |  4- 6 |  7- 9 | 10-12 || total
-------------------------+-------+-------+-------+-------++-------
Melee: Spear             |       |       |    53 |       ||    53
       Punch             |       |       |     1 |       ||     1
 Fire: Shortbow          |    67 |   117 |   274 |    76 ||   534
Invok: Banish            |       |       |       |     3 ||     3
 Abil: Dig               |       |    12 |       |       ||    12
       Shaft Self        |       |       |       |     1 ||     1
  Use: Scroll            |       |     8 |     7 |     6 ||    21
       Potion            |       |     3 |     4 |       ||     7
Armor: Leather armour    |     5 |       |       |       ||     5
       Ring mail         |     4 |    25 |    57 |    19 ||   105
Dodge: Dodged            |    19 |    43 |   108 |    36 ||   206
Block: Other             |       |       |    16 |       ||    16

Table legend: (Time is in decaauts)
 A = Elapsed time spent in this place.
 B = Non-inter-level travel time spent in this place.
 C = Inter-level travel time spent in this place.
 D = Time resting spent in this place.
 E = Time spent auto-exploring this place.
 F = Levels seen in this place.
 G = Mean time per level.
                   A        B        C        D        E       F      G
               +--------+--------+--------+--------+--------+-----+--------+
         Total |  12407 |  12236 |    171 |   6574 |   4113 |   9 | 1378.6 |
       Dungeon |  12407 |  12236 |    171 |   6574 |   4113 |   9 | 1378.6 |
               +--------+--------+--------+--------+--------+-----+--------+

Top non-repeatable levels by time:
     D:4: 2897 daAuts
     D:6: 2622 daAuts
     D:7: 2165 daAuts
     D:5: 1612 daAuts
     D:3: 980 daAuts
     D:1: 831 daAuts
     D:9: 694 daAuts
     D:8: 378 daAuts
     D:2: 223 daAuts
